 Dungeon Crawl Stone Soup version 0.28-a0-1074-g3cb2360906 (webtiles) character file.

Game seed: 549931198946312768

1645 Lavandula the Quickloader (level 8, -1/53 (64) HPs)
             Began as a Naga Arcane Marksman on Dec 9, 2021.
             Was an Initiate of Ashenzari.
             Slain by a wight (10 damage)
             ... on level 6 of the Dungeon.
             The game lasted 00:13:36 (5966 turns).

Lavandula the Quickloader (Naga Arcane Marksman)    Turns: 5966, Time: 00:13:37

HP:   -1/53 (64)    AC:  4    Str: 14    XL:     8   Next: 99%
MP:   9/9           EV: 10    Int: 14    God:    Ashenzari [......]
Gold: 40            SH:  0    Dex: 12    Spells: 1/9 levels left

rFire   . . .      SeeInvis +   a - +0 hand crossbow
rCold   + + +      Faith    .   (no shield)
rNeg    . . .      Spirit   .   d - +0 robe
rPois   +          Reflect  .   C - +0 helmet "Share My Boredom" {Cun, Alch} (curse)
rElec   +          Harm     .   (no cloak)
rCorr   .          Rampage  .   (no gloves)
Will    +....                   (no barding)
Stlth   +.........              D - amulet "Uvvayjef" {Contam rElec rPois rC+++ Regen+}
HPRegen 0.97/turn               (no ring)
MPRegen 0.11/turn               (no ring)

@: about to teleport, heavily drained, very slow
A: AC +2, large, see invisible, deformed body, poison resistance, slowness 2,
spit poison 1, naga tail 1
a: Spit Poison, Renounce Religion, Shatter the Chains


You were on level 6 of the Dungeon.
You worshipped Ashenzari.
Ashenzari was noncommittal.
You visited 1 branch of the dungeon, and saw 6 of its levels.
You also visited: Sewer.

You collected 198 gold pieces.
You spent 158 gold pieces at shops.

Inventory:

Hand Weapons
 a - a +0 hand crossbow (weapon)
 i - a +2 hand axe of electrocution
 v - a +1 spear of flaming
 x - a +2 spear of venom
 y - the +3 trident of Optimality {antimagic, rC+}
   (You found it on level 4 of the Dungeon)

   It reduces the magical energy of the wielder, and disrupts the spells and
   magical abilities of those it strikes.
   Natural abilities and divine invocations are not affected.
   rC:        It protects you from cold.
Missiles
 c - 36 bolts (quivered ammo)
 w - 3 throwing nets
Armour
 d - a +0 robe (worn)
 g - a +1 kite shield of protection
 C - the cursed +0 helmet "Share My Boredom" (worn) {Cun, Alch}
   (You found it on level 4 of the Dungeon)

   It has a curse which improves the following skills: Cunning: Dodging and
   Stealth.
   Alchemy:   Poison Magic and Transmutations.
Jewellery
 D - the amulet "Uvvayjef" (around neck) {Contam rElec rPois rC+++ Regen+}
   (You found it on level 4 of the Dungeon)

   [amulet of regeneration]

   rC:        It renders you almost immune to cold.
   rElec:     It insulates you from electricity.
   rPois:     It protects you from poison.
   Contam:    It causes magical contamination when unequipped.
   Regen:     It increases your rate of health regeneration.
Wands
 l - a wand of paralysis (6)
Scrolls
 b - a scroll of enchant armour {unknown}
 e - 2 scrolls of acquirement {unknown}
 f - a scroll of teleportation
 h - a scroll of amnesia {unknown}
 k - a scroll of holy word {unknown}
 n - a scroll of fog {unknown}
 r - a scroll of silence {unknown}
 s - 2 scrolls of identify
 u - 2 scrolls of vulnerability {unknown}
 E - a scroll of fear {unknown}
 G - a scroll of magic mapping {unknown}
Potions
 j - 2 potions of brilliance {unknown}
 m - 5 potions of curing
 p - a potion of invisibility {unknown}
 q - a potion of degeneration {unknown}
 t - a potion of berserk rage {unknown}
 z - a potion of attraction {unknown}
 A - 3 potions of lignification {unknown}
 B - 2 potions of resistance {unknown}
 F - a potion of haste {unknown}
 H - a potion of cancellation {unknown}
 I - a potion of mutation {unknown}


   Skills:
 - Level 1.0 Fighting
 - Level 6.0 Polearms
 + Level 8.6 Crossbows
 - Level 1.5(2.0) Dodging
 - Level 1.0 Spellcasting
 - Level 3.0 Hexes


You had one spell level left.
You knew the following spells:

 Your Spells              Type           Power      Damage    Failure   Level
a - Slow                  Hex            36%        N/A       8%          1
b - Inner Flame           Hex/Fire       4%         N/A       38%         3
c - Cause Fear            Hex            4%         N/A       58%         4

Your spell library contained the following spells:

 Spells                   Type           Power      Damage    Failure   Level
 Portal Projectile        Hex/Tloc       8%         N/A       38%         3
 Discord                  Hex            4%         N/A       100%        8


Dungeon Overview and Level Annotations

Branches:
Dungeon (6/15)             Temple (0/1) D:5           Sewer (visited)

Altars:
Ashenzari
Qazlal

Shops:
D:3 ?   D:4 *   D:5 *


Innate Abilities, Weirdness & Mutations

Your serpentine skin is tough. (AC +2)
You have supernaturally acute eyesight. (SInv)
Armour fits poorly on your strangely shaped body.
Your system is resistant to poisons. (rPois)
You cover ground very slowly.
You can spit poison.
You have a snake-like lower body.


Message History

There is an open door here.
You shoot a bolt.
The bolt hits the wight but does no damage.
The wight is heavily damaged.
The wight closely misses you.
You shoot a bolt. The bolt hits the wight!
You destroy the wight!
You shoot a bolt. The bolt barely misses the wight.
The wight hits you with a +1 flail.
You feel drained.
You shoot a bolt. The bolt hits the wight.
The wight is lightly damaged.
The wight hits you with a +1 flail.
You feel drained.
You shoot a bolt.
The bolt hits the wight but does no damage.
The wight hits you with a +1 flail!
You feel drained.
You shoot a bolt. The bolt hits the wight.
The wight is moderately damaged.
The wight barely misses you.
You shoot a bolt. The bolt hits the wight.
The wight is moderately damaged.
The wight barely misses you.
You shoot a bolt. The bolt hits the wight.
The wight is severely damaged.
The wight hits you with a +1 flail!
You feel drained.
You are too injured to fight recklessly!
Fire: 37 bolts
Press: ? - help, Q - select action, (/) - cycle Shift-Dir - straight line, f/p - wight
Aim: a wight, wielding a +1 flail and wearing a +0 robe (severely damaged, 65% to hit)
You shoot a bolt.
The bolt hits the wight but does no damage.
The wight is severely damaged.
The wight misses you. The wight hits you with a +1 flail.
You feel drained.
* * * LOW HITPOINT WARNING * * *
You feel better. The wight hits you with a +1 flail!
* * * LOW HITPOINT WARNING * * *
You feel drained.
* * * LOW HITPOINT WARNING * * *
As you read the scroll of teleportation, it crumbles to dust.
You feel strangely unstable. The wight hits you with a +1 flail!
You die...

####((.<#
#...((###
###....(#
#......(#
#......(#
#.......#
#.......#
#....#z## #... #@#
.... ##.#######
... +....(.... ..
##.####### . #.#
#.# #.# #.# #####
##.####...######.#


You could see a wight.

Vanquished Creatures
  A water moccasin (Sewer)
  An ice beast (D:6)
  A black bear (D:4)
  An orc warrior (D:6)
  A sky beast (D:5)
  A centaur (D:5)
  4 ogres
  A water moccasin skeleton (D:5)
  3 killer bees (D:5)
  2 wights (D:6)
  A centaur skeleton (D:4)
  An orc priest (D:6)
  A hound (D:5)
  Jessica (D:3)
  Ijyb (D:3)
  An iguana (D:5)
  4 orc wizards
  Robin (D:3)
  4 gnolls (D:3)
  A howler monkey skeleton (D:5)
  5 adders
  2 adder skeletons
  A dart slug (D:3)
  2 worms (D:2)
  14 orcs
  8 bats
  8 endoplasms
  7 giant cockroaches
  9 hobgoblins
  2 jackals (Sewer)
  7 quokkas
  9 ball pythons
  4 frilled lizards
  11 goblins
  6 kobolds
  3 rats (D:1)
130 creatures vanquished.

Notes
Turn   | Place    | Note
-------+----------+-------------------------------------------
     0 | D:1      | Lavandula the Naga Arcane Marksman began the quest for the
                  | Orb.
     0 | D:1      | Reached XP level 1. HP: 18/18 MP: 2/2
    23 | D:1      | Reached skill level 2 in Crossbows
    33 | D:1      | Found a faded altar of an unknown god.
    80 | D:1      | Reached XP level 2. HP: 20/25 MP: 3/3
   522 | D:1      | Reached skill level 3 in Crossbows
   593 | D:2      | Reached XP level 3. HP: 28/31 MP: 4/4
  1125 | D:2      | Reached XP level 4. HP: 38/38 MP: 5/5
  1129 | D:2      | Learned a level 3 spell: Inner Flame
  1146 | D:2      | Reached skill level 4 in Crossbows
  1614 | D:3      | Reached XP level 5. HP: 43/44 MP: 6/6
  1646 | D:3      | Found Falyowk's Magic Scroll Boutique.
  1657 | D:3      | Bought a scroll of teleportation for 42 gold pieces
  1734 | D:3      | Noticed Ijyb
  1740 | D:3      | Paralysed by Ijyb for 5 turns
  1749 | D:3      | Killed Ijyb
  1750 | D:3      | Reached skill level 5 in Crossbows
  1833 | D:3      | Found a glowing drain.
  1853 | Sewer    | Entered a sewer
  2049 | Sewer    | Noticed a water moccasin
  2056 | Sewer    | Killed a water moccasin
  2057 | Sewer    | Reached XP level 6. HP: 51/51 MP: 7/7
  2387 | D:3      | Reached skill level 6 in Crossbows
  2560 | D:3      | Noticed Robin
  2575 | D:3      | Killed Robin
  2694 | D:3      | Noticed Jessica
  2698 | D:3      | Killed Jessica
  3260 | D:4      | Found Kittecux's Assorted Antiques.
  3288 | D:4      | Identified the +3 trident of Optimality {antimagic, rC+}
  3292 | D:4      | Noticed a black bear
  3300 | D:4      | Killed a black bear
  3301 | D:4      | Reached XP level 7. HP: 26/57 MP: 8/8
  3817 | D:4      | Identified the amulet "Uvvayjef" {Contam rElec rPois rC+++
                  | Regen+}
  4151 | D:4      | Bought a scroll labelled WOLYEDUTAU for 31 gold pieces
  4151 | D:4      | Bought a scroll labelled RIAWNUZ EMIM for 31 gold pieces
  4151 | D:4      | Bought a fizzy clear potion for 27 gold pieces
  4213 | D:5      | Entered Level 5 of the Dungeon
  4544 | D:5      | Reached skill level 5 in Polearms
  4544 | D:5      | Reached XP level 8. HP: 41/64 MP: 9/9
  4553 | D:5      | Found a broken altar of Ashenzari.
  4807 | D:5      | Learned a level 4 spell: Cause Fear
  4818 | D:5      | Became a worshipper of Ashenzari the Shackled
  4824 | D:5      | Found Puoh's Assorted Antiques.
  4838 | D:5      | Bought a scroll labelled HOETIH JOUGEHI for 27 gold pieces
  4872 | D:5      | Reached skill level 7 in Crossbows
  4985 | D:5      | Found a staircase to the Ecumenical Temple.
  5477 | D:6      | Found a stormy altar of Qazlal.
  5479 | D:6      | Noticed an air elemental
  5480 | D:6      | Noticed a water elemental
  5709 | D:6      | Reached skill level 8 in Crossbows
  5966 | D:6      | Slain by a wight

Illustrated notes

Levels and vault maps discovered:
D:1:      ncdulo_lavacross, layout_basic, basic_ecumenical_altar,
          hangedman_feature_mirror, chequers_serial_rivers_room_b
D:2:      layout_basic
D:3:      layout_loops_corners, portal_sewer_entry_f, serial_shops, shop,
          kennysheep_jessica_study, uniq_robin, uniq_ijyb
D:4:      black_bear_nest_1, layout_gridville, serial_shops,
          nicolae_inconvenience_store
D:5:      layout_basic, evilmike_ruin_ashenzari, minmay_temple_entry_glass,
          serial_shops, shop
D:6:      layout_basic, nemelex_diamond_rough_becter,
          nicolae_qazlal_style_of_elements

Skill      XL: |  1  2  3  4  5  6  7  8 |
---------------+-------------------------+-----
Crossbows      | 2 3 4 5 6 8 |  8.6
Polearms       | 2 5 6 |  6.0
Fighting       | |  1.0
Dodging        | |  1.5
Spellcasting   | |  1.0
Hexes          | |  3.0

Action                   |  1- 3 |  4- 6 |  7- 9 || total
-------------------------+-------+-------+-------++-------
Melee: Spear             |       |     2 |       ||     2
 Fire: Hand crossbow     |    64 |   128 |   130 ||   322
Invok: Curse Item        |       |       |     1 ||     1
 Abil: Spit Poison       |    20 |    35 |    18 ||    73
Evoke: Wand              |       |     1 |     2 ||     3
  Use: Scroll            |       |       |     2 ||     2
       Potion            |       |       |     2 ||     2
Armor: Robe              |     8 |    16 |    24 ||    48
Dodge: Dodged            |    24 |    32 |    51 ||   107

Table legend: (Time is in decaauts)
 A = Elapsed time spent in this place.
 B = Non-inter-level travel time spent in this place.
 C = Inter-level travel time spent in this place.
 D = Time resting spent in this place.
 E = Time spent auto-exploring this place.
 F = Levels seen in this place.
 G = Mean time per level.
                   A        B        C        D        E       F      G
               +--------+--------+--------+--------+--------+-----+--------+
         Total |   7558 |   7165 |    393 |    641 |   5216 |   7 | 1079.7 |
       Dungeon |   7235 |   6842 |    393 |    641 |   4962 |   6 | 1205.8 |
         Sewer |    323 |    323 |      0 |      0 |    254 |   1 |  323.0 |
               +--------+--------+--------+--------+--------+-----+--------+

Top non-repeatable levels by time:
     D:3: 1869 daAuts
     D:5: 1767 daAuts
     D:4: 1358 daAuts
     D:2: 1071 daAuts
     D:1: 763 daAuts
     D:6: 403 daAuts
   Sewer: 323 daAuts
